AoeStats
← JAGR | BkB

Arabia

510417311Analyzed
4v4 RM · 3d ago on Sep 30, 2026· 26m 18s· 8 players
Game mode
Random Map
Map size
Large (8 player)
Population
200
Speed
Normal
Resources
Standard
Victory
Conquest
Starting age
Dark Age
Ending age
Imperial Age
RankedLock teamsTeams togetherTeam positionsShared explorationLock speedFull tech treeHidden civsTurbo modeCheats
Victory
Defeat
🇲🇽 Ethiopians · Mexico
1525
+8
🇵🇪 Saxons · Peru
1484
+9
🇻🇪 Franks · Venezuela
1291
+17
🇺🇸 Magyars · United States
1163
+22
🇺🇸 Mapuche · United States
1342
-15
🇨🇴 Hindustanis · Colombia
1341
-15
🇲🇽 Tatars · Mexico
1304
-13
🇹🇷 Cumans · Türkiye
1288
-13
BoogStasher3000
10:35 Feudal Age
11:08 Double-Bit Axe
14:31 Fletching
16:39 Loom
20:48 Castle Age
19:23 Padded Archer Armor
19:16 Horse Collar
20:29 Gold Mining
21:04 Crossbowman
21:59 Bodkin Arrow
22:40 Wheelbarrow
22:20 Bow Saw
24:22 Leather Archer Armor
zularombr
6:08 Loom
8:58 Feudal Age
9:56 Double-Bit Axe
16:57 Horse Collar
18:11 Forging
25:09 Castle Age
24:01 Scale Barding Armor
24:42 Bloodlines
25:11 Light Cavalry
26:44 Chain Barding Armor
b² - 4ac
0:48 Loom
12:09 Feudal Age
12:12 Man-at-Arms
21:30 Arson
Yellowping
6:31 Loom
9:12 Feudal Age
11:35 Double-Bit Axe
11:31 Horse Collar
24:43 Castle Age
JAGR | Virus
5:31 Loom
13:33 Feudal Age
14:43 Double-Bit Axe
15:04 Fletching
22:56 Castle Age
21:45 Padded Archer Armor
21:43 Gold Mining
23:00 Crossbowman
23:35 Bodkin Arrow
24:31 Bow Saw
24:15 Town Watch
25:48 Wheelbarrow
25:43 Ballistics
27:00 Leather Archer Armor
JAGR | Mazzei10
6:31 Loom
9:13 Feudal Age
11:10 Double-Bit Axe
11:33 Horse Collar
17:33 Scale Barding Armor
18:37 Wheelbarrow
23:44 Castle Age
24:08 Bloodlines
24:44 Husbandry
26:01 Bow Saw
26:05 Heavy Plow
26:32 Chain Barding Armor
JAGR | BkB
6:19 Loom
8:50 Feudal Age
8:53 Man-at-Arms
9:23 Double-Bit Axe
13:58 Fletching
18:55 Horse Collar
21:16 Castle Age
19:19 Gold Mining
19:44 Padded Archer Armor
21:24 Crossbowman
22:00 Bodkin Arrow
22:42 Wheelbarrow
22:28 Bow Saw
23:41 Ballistics
JAGR | GoodByeWorld
6:24 Loom
9:31 Feudal Age
10:18 Double-Bit Axe
22:47 Castle Age
21:42 Gold Mining
22:25 Scale Barding Armor
22:30 Forging
26:04 Bow Saw
Connection lost

Rejoining the realm…

Still unreachable

The connection could not be restored.

Session expired

The server has moved on; the page needs a fresh start.